 Dungeon Crawl Stone Soup version 0.28-a0-695-gff097466f2 (webtiles) character file.

Game seed: 10211746586302472904

164739 Johnny the Human Blade (level 18, -25/154 HPs)
             Began as a Human Berserker on Oct 22, 2021.
             Was a High Priest of Trog.
             Killed from afar by a deep elf high priest (29 damage)
             ... with damnation
             ... on level 3 of the Elven Halls.
             The game lasted 00:50:03 (38603 turns).

Johnny the Human Blade (Human Berserker)           Turns: 38603, Time: 00:50:04

Health: -25/154    AC: 26    Str: 25    XL:     18   Next: 49%
Magic:  18/18      EV: 16    Int:  8    God:    Trog [*****.]
Gold:   933        SH:  0    Dex: 13    Spells: 17/17 levels left

rFire   + . .      SeeInvis .   q - +4 great sword (protect)
rCold   . . .      Faith    +   (shield currently unavailable)
rNeg    . . .      Spirit   .   y - +3 plate armour {Will+}
rPois   .          Reflect  .   p - +0 helmet
rElec   +          Harm     .   K - +2 cloak {Will+}
rCorr   .          Rampage  .   Z - +0 pair of gloves "Xopasal" {rElec Regen+}
Will    +++++                   V - +0 pair of boots
Stlth   ..........              j - amulet of faith
HPRegen 2.35/turn               h - ring of protection from fire
MPRegen 0.16/turn               F - +4 ring of evasion

@: strong-willed, on berserk cooldown, regenerating, slowed, very slow
A: no striking features
a: Renounce Religion, Berserk, Trog's Hand, Brothers in Arms


You were on level 3 of the Elven Halls.
You worshipped Trog.
Trog was extremely pleased with you.
You visited 4 branches of the dungeon, and saw 26 of its levels.
You visited the Abyss 2 times.

You collected 2826 gold pieces.
You spent 1893 gold pieces at shops.

Inventory:

Hand Weapons
 c - a +1 vorpal double sword
 q - a +4 great sword of protection (weapon)
 R - a +5 antimagic triple sword
Armour
 e - the +1 chain mail of Gent {*Corrode Drain rF+++ rN+++}
   (You bought it in a shop on level 3 of the Elven Halls)

   rF:        It renders you almost immune to fire.
   rN:        It renders you almost immune to negative energy.
   *Corrode:  It may corrode you when you take damage.
   Drain:     It drains your maximum health when unequipped.
 m - a +2 troll leather armour
 n - the +13 plate armour of Paranoia {Contam Harm Will+ Dex+6}
   (You found it on level 13 of the Dungeon)

   Dex:       It affects your dexterity (+6).
   Contam:    It causes magical contamination when unequipped.
   Harm:      It increases damage dealt and taken.
   Will:      It increases your willpower.
 p - a +0 helmet (worn)
 y - a +3 plate armour of willpower (worn)
 A - a +1 cloak of preservation
 K - a +2 cloak of willpower (worn)
 V - a +0 pair of boots (worn)
 Z - the +0 pair of gloves "Xopasal" (worn) {rElec Regen+}
   (You acquired it on level 4 of the Lair of Beasts)

   rElec:     It insulates you from electricity.
   Regen:     It increases your rate of health regeneration.
Jewellery
 g - a ring of see invisible
 h - a ring of protection from fire (left hand)
 i - a ring of positive energy
 j - an amulet of faith (around neck)
 k - a ring of poison resistance
 u - a ring of protection from cold
 F - a +4 ring of evasion (right hand)
 I - the ring of the Six Screaming Ears {Will++ MP+9 Int+4 Dex+2}
   (You found it on level 1 of the Elven Halls)

   [ring of magical power]

   Int:       It affects your intelligence (+4).
   Dex:       It affects your dexterity (+2).
   MP:        It affects your magic capacity (+9).
   Will:      It greatly increases your willpower.
Wands
 H - a wand of mindburst (22)
 X - a wand of acid (5)
 Y - a wand of iceblast (39)
Scrolls
 b - a scroll of summoning
 d - a scroll of noise
 l - 4 scrolls of blinking
 s - 4 scrolls of torment
 v - 8 scrolls of fog
 w - a scroll of magic mapping
 z - 14 scrolls of identify
 C - a scroll of holy word
 E - 3 scrolls of vulnerability
 L - a scroll of silence
 N - 7 scrolls of immolation
 O - a scroll of fear
 P - a scroll of enchant armour
 S - 6 scrolls of teleportation
Potions
 a - 3 potions of haste
 f - a potion of berserk rage
 o - 4 potions of might
 r - 3 potions of flight
 t - 3 potions of brilliance
 x - 16 potions of curing
 B - 2 potions of heal wounds
 D - 6 potions of mutation
 M - 4 potions of magic
 Q - 2 potions of ambrosia
 T - 5 potions of lignification
 U - a potion of cancellation
 W - a potion of resistance
Miscellaneous
 G - a phial of floods
 J - a box of beasts


   Skills:
 * Level 17.0 Fighting
 + Level 21.8 Long Blades
 + Level 11.7 Armour
 + Level 11.7 Dodging


You had 17 spell levels left.
You didn't know any spells.
Your spell library was empty.

Dungeon Overview and Level Annotations

Branches:
Dungeon (15/15)            Temple (0/1) D:4            Lair (6/6) D:8
 Shoals (0/4) Lair:2        Snake (0/4) Lair:4        Slime (0/5) Lair:5
    Orc (2/2) D:9             Elf (3/3) Orc:2        Vaults (0/5) D:14
 Depths: D:15

Altars:
Nemelex Xobeh
Qazlal
Ru
Uskayaw
Vehumet
Xom
Yredelemnul

Shops:
D:3 !   D:11 [   D:13 *   Orc:2 *(:[   Elf:1 *   Elf:3 ([(?*

Annotations:
Lair:1 2 transporters, BlueGoblin's ghost, journeyman OpMo
Orc:1 2 transporters, TimeIsEndless's ghost, novice DgCj


Message History

You hear some strange, mumbled words.
A shard of ice appears from out of thin air!
The shard of ice hits you!
You miss the deep elf high priest.
The deep elf high priest is heavily wounded.
The deep elf high priest mumbles some strange prayers to its god against you.
Something smites you!
You hit the deep elf high priest.
The deep elf high priest is heavily wounded.
You hear some strange, mumbled words.
A lance of force appears from out of thin air!
The lance of force hits you!!
* * * LOW HITPOINT WARNING * * *
You are knocked back by the lance of force.
You feel a strong urge to attack something.
You are no longer berserk.
You are exhausted.
You feel yourself slow down.
As you read the scroll of fear, it crumbles to dust.
You assume a fearsome visage.
The deep elf high priest easily resists.
You hear some strange, mumbled words.
A shard of ice appears from out of thin air!
The shard of ice hits you!!
* * * LOW HITPOINT WARNING * * *
You feel much better.
You hear some strange, mumbled words.
A lance of force appears from out of thin air!
The lance of force hits you!!
* * * LOW HITPOINT WARNING * * *
You are knocked back by the lance of force.
You slam into the rock wall!
* * * LOW HITPOINT WARNING * * *
You hear some strange, mumbled words.
A shard of ice appears from out of thin air!
The shard of ice hits you!!
* * * LOW HITPOINT WARNING * * *
The deep elf high priest mumbles some strange prayers to its god against you.
The sphere of damnation explodes!
The damnation engulfs you!!
You die...

#.# #.# #.# #.#
###########.##############
............!............#
....⌠.⌠....=.{...........#
..)..∩...................#
###.⌠.)#+#####e.@#####...#
.............#...#...#...#
.............#)..#...#...#
.............#...#...'...#
.#########...#...#...#...#
.#.......#...#...#...#...#
.#.......#...#..<#...#...#
.#.......'..∩#...#.<.#...#
.#.......#...#...#...#...#


You could see a deep elf high priest (brilliance aura).

Vanquished Creatures
  Jorgrun (D:13)
  Rupert (Lair:3)
  A lich (Abyss:2)
  An orc warlord (Orc:1)
  A deep elf elementalist (Elf:1)
  A stone giant (D:15)
  2 statues (D:13)
  2 deep elf death magi (Elf:1)
  The ghost of Conn the Thaumaturge, a journeyman OpFE of Sif Muna (D:11)
  A deep elf high priest (Elf:1)
  10 hydras
  A rakshasa (Abyss:2)
  4 vault guards (D:14)
  2 boulder beetles
  4 catoblepae
  A merfolk avatar (Lair:6)
  A salamander tyrant (D:13)
  2 ogre magi (D:15)
  4 centaur warriors
  14 two-headed ogres
  A death yak (shapeshifter) (D:13)
  Erica (D:8)
  The ghost of Heedrag the Cleaver, a novice MiFi of Okawaru (D:9)
  A death knight (D:12)
  13 death yaks
  22 dancing weapons
  An orc high priest (Orc:2)
  Urug (Lair:3)
  A tengu warrior (D:15)
  3 hell hogs (Abyss:2)
  10 deep elf knights
  Sonja (Lair:4)
  A skeletal warrior (D:13)
  A sea snake (Lair:6)
  4 wizards (D:13)
  2 deep trolls (D:15)
  A harpy (Lair:6)
  A glowing orange brain (Abyss:2)
  22 deep elf zephyrmancers
  2 orc knights (Orc:2)
  16 deep elf pyromancers
  A phantasmal warrior (D:12)
  7 deep elf archers
  6 orc sorcerers
  2 necromancers
  The ghost of fly the Sneak, a novice FoDe of Uskayaw (D:6)
  3 cyclopes (D:14)
  10 ugly things
  8 manticores
  6 elephants
  2 black mambas (Lair:4)
  Joseph (D:7)
  A gargoyle (D:10)
  15 cane toads
  A hellion (Abyss:2)
  8 komodo dragons
  A dire elephant skeleton (Abyss:2)
  3 kobold demonologists (D:9)
  2 rime drakes
  A freezing wraith (D:12)
  An ancient zyme (Abyss:2)
  2 efreet (Abyss:2)
  9 tengu conjurers
  2 polar bears
  4 trolls
  3 hornets (Lair:6)
  A wind drake (Lair:2)
  21 blink frogs
  Prince Ribbit (D:8)
  Grinder (D:6)
  2 snapping turtles (Lair:6)
  8 slime creatures
  A meliai zombie (D:11)
  4 dream sheep (Lair:5)
  7 air elementals
  2 vampires
  14 yaks
  A shadow (D:10)
  A ynoxinul (Abyss:2)
  4 large abominations (Abyss:2)
  A tarantella (shapeshifter) (Elf:1)
  2 wraiths
  10 wyverns
  4 steam dragons
  4 fire elementals
  Sigmund (D:4)
  4 basilisks
  3 chaos spawn
  A neqoxec (Abyss:2)
  Menkaure (D:7)
  4 nagas (Lair:4)
  5 vampire mosquitoes
  3 wargs (Orc:1)
  17 water moccasins
  5 acid dragons
  Duvessa (D:4)
  3 black bears
  An ice beast (D:5)
  32 orc warriors
  2 sky beasts
  11 ogres
  16 wolves
  6 centaurs
  2 phantoms
  2 small abominations (Abyss:2)
  9 kobold brigands
  2 gnoll sergeants
  Blork the orc (D:4)
  11 bullfrogs
  2 scorpions (D:6)
  A wyvern zombie (D:6)
  Dowan (D:4)
  A water moccasin skeleton (D:4)
  15 killer bees
  6 wights
  A howler monkey (D:3)
  3 electric eels
  A bullfrog zombie (D:7)
  A quasit (Abyss:2)
  4 centaur zombies
  3 hounds
  9 orc priests
  A bullfrog skeleton (D:7)
  3 gnoll shamans
  Crazy Yiuf (D:6)
  3 jellies
  3 centaur skeletons
  5 iguanas
  11 orc wizards
  A scorpion zombie (D:5)
  4 hell rats (Lair:3)
  A killer bee zombie (D:7)
  2 howler monkey zombies
  18 gnolls
  8 adders
  2 white imps
  4 ufetubi
  A worm (D:5)
  64 orcs
  5 endoplasms
  4 giant cockroaches
  7 goblins
  7 hobgoblins
  3 jackals (D:1)
  6 ball pythons
  3 bats
  4 frilled lizards
  17 kobolds
  4 rats
  A spectral orc (D:13)
734 creatures vanquished.

Vanquished Creatures (collateral kills)
  A hydra (Lair:6)
  A tengu warrior (D:13)
  3 dancing weapons (Elf:2)
  A death yak (Lair:3)
  4 deep elf knights (Elf:2)
  3 deep elf zephyrmancers
  A deep elf pyromancer (D:13)
  2 ugly things (D:15)
  A manticore (D:12)
  2 cane toads (Lair:6)
  A komodo dragon (Lair:3)
  A polar bear (Lair:6)
  4 slime creatures (D:12)
  3 vampire mosquitoes (D:12)
  18 wolves (Lair:6)
46 creatures vanquished.

Vanquished Creatures (others)
  A deep elf knight (Elf:2)
  A deep elf pyromancer (Elf:1)
  A small abomination (Abyss:2)
  79 fungi
  49 plants
  3 toadstools (D:4)
  2 withered plants (D:6)
136 creatures vanquished.

Grand Total: 916 creatures vanquished

Notes
Turn   | Place    | Note
-------+----------+-------------------------------------------
     0 | D:1      | Johnny the Human Berserker began the quest for the Orb.
     0 | D:1      | Reached XP level 1. HP: 18/18 MP: 1/1
   208 | D:1      | Reached XP level 2. HP: 24/24 MP: 2/2
   938 | D:2      | Reached XP level 3. HP: 19/29 MP: 3/3
  1176 | D:2      | Reached skill level 4 in Long Blades
  1466 | D:2      | Reached ** piety under Trog
  1505 | D:2      | Reached XP level 4. HP: 35/35 MP: 4/4
  2333 | D:3      | Found Void's Distillery.
  2476 | D:3      | Bought a potion of curing for 30 gold pieces
  2727 | D:3      | Found a faded altar of an unknown god.
  2954 | D:3      | Reached XP level 5. HP: 29/42 MP: 5/5
  3153 | D:3      | Noticed a steam dragon
  3390 | D:4      | Identified the +7 chain mail "Ezuufrih" {-Tele rC+ rCorr
                  | Stlth+}
  3402 | D:4      | Reached skill level 5 in Long Blades
  3490 | D:4      | Found a sparkling altar of Nemelex Xobeh.
  3667 | D:4      | Found a stormy altar of Qazlal.
  3707 | D:4      | Noticed a phantom
  3727 | D:4      | Killed a phantom
  3728 | D:4      | Reached XP level 6. HP: 49/49 MP: 6/6
  3733 | D:4      | Reached skill level 6 in Long Blades
  3809 | D:4      | Reached XP level 7. HP: 27/55 MP: 7/7
  3989 | D:4      | Reached *** piety under Trog
  4075 | D:4      | Reached skill level 5 in Fighting
  4179 | D:4      | Noticed Blork the orc
  4180 | D:4      | Noticed Sigmund
  4204 | D:4      | Killed Blork the orc
  4211 | D:4      | Killed Sigmund
  4212 | D:4      | Reached skill level 7 in Long Blades
  4365 | D:4      | Found a staircase to the Ecumenical Temple.
  4588 | D:4      | Noticed Duvessa
  4588 | D:4      | Noticed Dowan
  4608 | D:4      | Killed Duvessa
  4609 | D:4      | Reached XP level 8. HP: 36/64 MP: 8/8
  4627 | D:4      | Killed Dowan
  4754 | D:5      | Entered Level 5 of the Dungeon
  4781 | D:5      | Reached skill level 8 in Long Blades
  5728 | D:5      | Reached skill level 9 in Long Blades
  5853 | D:5      | Reached XP level 9. HP: 67/71 MP: 9/9
  6775 | D:6      | Reached skill level 10 in Long Blades
  6934 | D:6      | Noticed Grinder
  6954 | D:6      | Killed Grinder
  7465 | D:6      | Found a runed translucent door.
  7465 | D:6      | Noticed fly's ghost (novice FoDe)
  7603 | D:6      | Found a runed translucent door.
  7604 | D:6      | Noticed Crazy Yiuf
  7610 | D:6      | Killed Crazy Yiuf
  7689 | D:6      | Killed fly's ghost
  7690 | D:6      | Reached skill level 11 in Long Blades
  7690 | D:6      | Reached XP level 10. HP: 80/80 MP: 10/10
  7747 | D:7      | Reached **** piety under Trog
  8194 | D:7      | Noticed Menkaure
  8208 | D:7      | Killed Menkaure
  8209 | D:7      | Reached skill level 12 in Long Blades
  8509 | D:7      | Noticed Joseph
  8522 | D:7      | Killed Joseph
  9139 | D:8      | Noticed an elephant
  9189 | D:9      | Killed an elephant
  9314 | D:8      | Found a staircase to the Lair.
  9339 | D:8      | Reached skill level 13 in Long Blades
  9339 | D:8      | Reached XP level 11. HP: 50/89 MP: 11/11
  9712 | D:8      | Noticed Prince Ribbit
  9713 | D:8      | Noticed Erica
  9759 | D:8      | Killed Erica
  9785 | D:8      | Noticed a two-headed ogre
  9802 | D:8      | Killed a two-headed ogre
  9803 | D:8      | Reached skill level 10 in Fighting
  9894 | D:8      | Killed Prince Ribbit
  9950 | D:8      | Noticed a boulder beetle
  9950 | D:8      | Noticed a purple ugly thing
  9967 | D:8      | Noticed a seven-headed hydra
  9967 | D:8      | Killed a purple ugly thing
  9968 | D:8      | Reached skill level 14 in Long Blades
  9979 | D:8      | Killed a boulder beetle
 10301 | D:8      | Found a hide-covered altar of Uskayaw.
 10312 | D:8      | Killed a three-headed hydra
 10832 | D:9      | Noticed Heedrag's ghost (novice MiFi)
 10834 | D:9      | Found a runed translucent gate.
 10835 | D:9      | Found a runed translucent gate.
 10835 | D:9      | Found a runed translucent gate.
 12479 | D:8      | Reached skill level 15 in Long Blades
 12479 | D:8      | Reached XP level 12. HP: 100/100 MP: 12/12
 12512 | Lair:1   | Entered Level 1 of the Lair of Beasts
 13412 | Lair:1   | Found a transporter.
 13415 | Lair:1   | Noticed BlueGoblin's ghost (journeyman OpMo)
 13472 | Lair:1   | Found a transporter.
 14495 | Lair:2   | Identified the ring of Mulilex {Fly Int+6}
 14917 | Lair:2   | Noticed a five-headed hydra
 16094 | D:9      | Found a staircase to the Orcish Mines.
 16094 | D:9      | Noticed a two-headed ogre
 16100 | D:9      | Killed a two-headed ogre
 16436 | D:10     | Entered Level 10 of the Dungeon
 16693 | D:10     | Found a sacrificial altar of Ru.
 16755 | D:10     | Reached skill level 16 in Long Blades
 17155 | D:10     | Noticed a six-headed hydra
 17161 | D:10     | Killed a four-headed hydra
 17691 | D:10     | Reached XP level 13. HP: 73/107 MP: 13/13
 18053 | D:11     | You fall into a shaft and drop 2 floors!
 18194 | D:13     | Found a radiant altar of Vehumet.
 18194 | D:13     | Noticed Jorgrun
 18221 | D:13     | Killed Jorgrun
 18761 | D:13     | Reached skill level 5 in Armour
 18761 | D:13     | Reached skill level 5 in Dodging
 19301 | D:13     | Noticed a salamander tyrant
 19307 | D:13     | Noticed a centaur warrior
 19307 | D:13     | Noticed a centaur warrior
 19386 | D:13     | Noticed a conjurer statue
 19391 | D:13     | Noticed a conjurer statue
 19395 | D:13     | Found Tioss's General Store.
 19729 | D:13     | Reached skill level 17 in Long Blades
 20380 | D:13     | Killed a centaur warrior
 20390 | D:13     | Killed a salamander tyrant
 20579 | D:12     | Noticed a four-headed hydra
 20729 | D:12     | Killed a two-headed hydra
 20743 | D:12     | Noticed a five-headed hydra
 20765 | D:13     | Killed a centaur warrior
 20798 | D:12     | Killed a one-headed hydra
 20799 | D:12     | Reached XP level 14. HP: 116/116 MP: 14/14
 21445 | D:11     | Found a shimmering altar of Xom.
 21445 | D:11     | Found the +7 mace of Variability {chain chaos}
 21566 | D:11     | Noticed Conn's ghost (journeyman OpFE)
 21567 | D:11     | Found a runed translucent gate.
 21567 | D:11     | Found a runed translucent gate.
 21571 | D:11     | Found a runed translucent gate.
 22051 | D:11     | Found Isuzusez's Armour Boutique.
 22182 | D:11     | Killed Conn's ghost
 22465 | Orc:1    | Entered Level 1 of the Orcish Mines
 22847 | Orc:1    | Found a transporter.
 22847 | Orc:1    | Identified the +3 dire flail of Poaligh {venom, rF+ rC+
                  | Str+3}
 22847 | Orc:1    | Identified the +3 great mace of Luveq {pain, rElec rC+}
 22847 | Orc:1    | Noticed TimeIsEndless's ghost (novice DgCj)
 23225 | Orc:2    | Entered Level 2 of the Orcish Mines
 23225 | Orc:2    | Found Sexkut's Antique Weapon Boutique.
 23585 | Orc:2    | Bought a translucent long sword for 178 gold pieces
 23585 | Orc:2    | Identified the +6 long sword "Dekku" {flame, Str+6 Dex+3}
                  | (You bought it in a shop on level 2 of the Orcish Mines)
 23875 | Orc:2    | Found Pixzuq's General Store.
 23943 | Orc:2    | Bought a scroll of teleportation for 54 gold pieces
 23943 | Orc:2    | Bought a potion of lignification for 54 gold pieces
 24050 | Orc:2    | Reached skill level 18 in Long Blades
 24053 | Orc:2    | Reached ***** piety under Trog
 24311 | Orc:2    | Noticed an orc warlord
 24705 | Orc:1    | Found a transporter.
 24791 | Orc:1    | Killed an orc warlord
 25057 | Orc:2    | Found a staircase to the Elven Halls.
 25229 | Orc:2    | Found Nurishorr's Antique Armour Boutique.
 25533 | Orc:2    | Bought a pair of boots for 135 gold pieces
 25568 | Orc:2    | Found Pohe's Book Shoppe.
 26525 | Lair:2   | Found a staircase to the Shoals.
 27057 | Lair:3   | Noticed Rupert
 27072 | Lair:3   | Killed Rupert
 27162 | Lair:3   | Reached XP level 15. HP: 124/124 MP: 15/15
 27604 | Lair:3   | Noticed Urug
 27620 | Lair:3   | Killed Urug
 28453 | Lair:4   | Identified a scroll of acquirement
 28454 | Lair:4   | Acquired the +0 pair of gloves "Xopasal" {rElec Regen+}
 28484 | Lair:4   | You fall into a shaft and drop 1 floor!
 28484 | Lair:5   | Found a staircase to the Slime Pits.
 28953 | Lair:4   | Found a staircase to the Snake Pit.
 28965 | Lair:4   | Reached skill level 19 in Long Blades
 28965 | Lair:4   | Noticed Sonja
 28970 | Lair:4   | Killed Sonja
 30280 | Lair:6   | Entered Level 6 of the Lair of Beasts
 30285 | Lair:6   | Received a gift from Trog
 30631 | Lair:6   | Reached XP level 16. HP: 133/133 MP: 16/16
 30905 | Lair:6   | Reached skill level 20 in Long Blades
 31137 | Lair:6   | Identified the -3 kite shield of Cheibriados's Hatred
                  | {Drain rPois rF- Int+9}
 31602 | D:9      | Killed Heedrag's ghost
 31613 | D:9      | Reached ****** piety under Trog
 31622 | D:9      | Cast into level 2 of the Abyss (kobold brigand)
 31706 | D:9      | Escaped the Abyss
 31884 | D:12     | Received a gift from Trog
 32301 | D:12     | You fall into a shaft and drop 3 floors!
 32301 | D:15     | Entered Level 15 of the Dungeon
 32606 | D:15     | Reached skill level 21 in Long Blades
 32836 | D:15     | Cast into level 2 of the Abyss (a wizard)
 33092 | Abyss:2  | Reached skill level 10 in Dodging
 33115 | Abyss:2  | Reached skill level 10 in Armour
 33181 | Abyss:2  | Noticed a lich
 33191 | Abyss:2  | Killed a lich
 33194 | D:15     | Escaped the Abyss
 33195 | D:15     | Reached skill level 15 in Fighting
 33195 | D:15     | Reached XP level 17. HP: 89/142 MP: 17/17
 33934 | D:14     | Found a gate to the Vaults.
 34645 | D:13     | Found a basalt altar of Yredelemnul.
 34901 | D:13     | Received a gift from Trog
 34913 | D:13     | Identified the +13 plate armour of Paranoia {Contam Harm
                  | Will+ Dex+6}
 35258 | Elf:1    | Entered Level 1 of the Elven Halls
 35344 | Elf:1    | Paralysed by an air elemental for 1 turns
 35439 | Elf:1    | Found Ytypur's General Store.
 35447 | Elf:1    | Bought a scroll of fear for 49 gold pieces
 35767 | Elf:1    | Paralysed by an air elemental for 1 turns
 35973 | Elf:1    | Paralysed by an air elemental for 1 turns
 35975 | Elf:1    | Paralysed by an air elemental for 1 turns
 36016 | Elf:1    | Identified the ring of the Six Screaming Ears {Will++ MP+9
                  | Int+4 Dex+2}
 36261 | Elf:1    | Paralysed by an air elemental for 1 turns
 36318 | Elf:1    | Received a gift from Trog
 36976 | Elf:2    | Reached XP level 18. HP: 153/153 MP: 18/18
 37024 | Elf:2    | Found a runed translucent gate.
 37027 | Elf:2    | Found a runed translucent gate.
 37027 | Elf:2    | Found a runed translucent gate.
 37328 | Elf:2    | Received a gift from Trog
 37808 | Elf:3    | Entered Level 3 of the Elven Halls
 37826 | Elf:3    | Found Kepsingea's Antique Armour Boutique.
 37851 | Elf:3    | Bought a glowing cloak for 277 gold pieces
 38126 | Elf:3    | Found Icvichu's Weapon Emporium.
 38134 | Elf:3    | Identified the +1 mace "Giantslayer" {flame, rPois Int+6}
 38382 | Elf:3    | Found Zyemam's Magic Scroll Emporium.
 38390 | Elf:3    | Bought a scroll of identify for 36 gold pieces
 38390 | Elf:3    | Bought a scroll of teleportation for 54 gold pieces
 38390 | Elf:3    | Bought a scroll of identify for 36 gold pieces
 38390 | Elf:3    | Bought a scroll of identify for 36 gold pieces
 38390 | Elf:3    | Bought a scroll of enchant armour for 135 gold pieces
 38395 | Elf:3    | Paralysed by an air elemental for 1 turns
 38402 | Elf:3    | Found Vezxamaa's Assorted Antiques.
 38416 | Elf:3    | Bought a steaming chain mail for 399 gold pieces
 38416 | Elf:3    | Identified the +1 chain mail of Gent {*Corrode Drain rF+++
                  | rN+++} (You bought it in a shop on level 3 of the Elven
                  | Halls)
 38416 | Elf:3    | Bought a potion of mutation for 336 gold pieces
 38416 | Elf:3    | Bought a scroll of identify for 84 gold pieces
 38516 | Elf:3    | Found Eseb's Antique Weapon Shoppe.
 38603 | Elf:3    | HP: 4/154 [something/shard of ice (31)]
 38603 | Elf:3    | Killed from afar by a deep elf high priest

Illustrated notes

Levels and vault maps discovered:
D:1:      scummos_arrival_gate, layout_loops_ring
D:2:      layout_basic, kennysheep_generic_room_5
D:3:      minmay_recursive_quarters, layout_rooms,
          shapermc_ecumenical_altar_mp_vishouse, serial_shops,
          nicolae_shop_trees, chequers_serial_rivers_large_b
D:4:      layout_cave_pools, mainiacjoe_overflow_big_doors,
          minmay_temple_entry_glassed_door, minmay_gold_behind_fungi,
          uniq_sigmund, uniq_blork_the_orc, uniq_duvessa
D:5:      layout_cave_pools
D:6:      layout_rooms, gammafunk_ghost_grave, uniq_crazy_yiuf_cottage,
          uniq_grinder
D:7:      layout_loops_ring, uniq_joseph, uniq_menkaure
D:8:      layout_basic, overflow_temple_1_default, david_lair_generic,
          minmay_the_grid_2x2 [minmay_the_grid_spikes,
          minmay_the_grid_minigrid_small_alt, minmay_the_grid_tree,
          minmay_the_grid_prize_inner_circle], uniq_prince_ribbit1, uniq_erica
D:9:      layout_irregular_city, david_orc_4, gammafunk_ghost_nasty_kobolds,
          minmay_increasing_density
D:10:     layout_stronghold, nicolae_ru_sacrificial_ziggurat
D:11:     layout_basic, gammafunk_ghost_hydra_chop, serial_shops,
          kennysheep_mini, minmay_guarded_unrand_variability
D:12:     layout_rooms
D:13:     evilmike_halls_of_destruction, layout_rooms, serial_shops,
          nicolae_diamond_shop, yredelemnul_forgotten_temple_becter
D:14:     layout_loops_ring, lightli_vaults_fourway_checkpoint,
          small_statue_alley_a, chequers_jeans
D:15:     hangedman_depths_entry_civil_slaughter, layout_basic,
          chequers_serial_rivers_micro_e, kennysheep_kite_vault
Lair:1:   layout_regular_city, gammafunk_ghost_berserking_beasts,
          grunt_megastairs_3, serial_bayou_shore_b
Lair:2:   layout_roguey, minmay_shoals_entry_beasts, grunt_megastairs_4,
          lemuel_fruit_tree, serial_bayou_shore_a
Lair:3:   layout_chaotic_city, grunt_megastairs_1, uniq_rupert, uniq_urug
Lair:4:   layout_small_grid, minmay_snake_entry_guardpost_small,
          grunt_megastairs_2, uniq_sonja
Lair:5:   layout_small_grid, minmay_slime_entry_pillars,
          nicolae_quartered_pool_medium
Lair:6:   gammafunk_lair_ancient_temple, layout_small_grid,
          grunt_forest_large_clearings
Orc:1:    layout_diamond_mine, gammafunk_ghost_smash
Orc:2:    grunt_orc_gardens, layout_caves, grunt_orc_garden, grunt_orc_garden,
          grunt_orc_garden, grunt_orc_garden
Elf:1:    layout_onion_city, serial_shops, shop, hangedman_corner_corridor,
          uniq_azrael
Elf:2:    nicolae_elf_blades_crystal_corner, layout_loops_ring
Elf:3:    elf_hall, layout_onion_city, serial_shops, shop_fountains, shop, shop,
          shop, shop, dk_noncrumbling_4, solitary_fountain

Skill      XL: |  1  2  3  4  5  6  7  8  9 10 11 12 13 14 15 16 17 18 |
---------------+-------------------------------------------------------+-----
Long Blades    | 4 5 6 7 9 11 13 15 16 17 18 19 21 | 21.8
Fighting       | 4 5 6 8 9 11 12 13 14 15 16 17 | 17.0
Armour         | 4 6 8 9 10 11 | 11.7
Dodging        | 4 6 8 9 10 11 | 11.7

Action                   |  1- 3 |  4- 6 |  7- 9 | 10-12 | 13-15 | 16-18 || total
-------------------------+-------+-------+-------+-------+-------+-------++-------
Melee: Falchion          |    65 |   123 |       |       |       |       ||   188
       Dagger            |       |    25 |    25 |       |       |       ||    50
       Scimitar          |       |       |    23 |    56 |   288 |       ||   367
       Rapier            |       |       |   195 |   573 |   122 |       ||   890
       Long sword        |       |       |       |       |   568 |       ||   568
       Great sword       |       |       |       |       |    89 |   981 ||  1070
Throw: Throwing net      |       |       |       |     4 |     1 |       ||     5
Invok: Berserk           |     3 |     5 |    10 |    23 |    33 |    16 ||    90
       Trog's Hand       |       |     2 |     6 |    17 |    25 |    17 ||    67
       Brothers in Arms  |       |       |       |       |     3 |     5 ||     8
Evoke: Wand              |     1 |     1 |     5 |    43 |     5 |     1 ||    56
  Use: Scroll            |       |       |    10 |     6 |    19 |    10 ||    45
       Potion            |       |       |     2 |       |     2 |     2 ||     6
 Stab: Sleeping          |     2 |       |       |       |       |       ||     2
       Paralysed         |     2 |     4 |       |       |     5 |       ||    11
       Distracted        |       |       |       |     2 |       |       ||     2
       Held in net/web   |       |       |       |     1 |     3 |       ||     4
Armor: Animal skin       |    13 |     9 |       |       |       |       ||    22
       Scale mail        |       |    21 |    87 |   104 |       |       ||   212
       Acid dragon scale |       |       |       |   120 |   413 |   184 ||   717
       Plate armour      |       |       |       |       |    34 |   225 ||   259
       Troll leather arm |       |       |       |       |       |     6 ||     6
Dodge: Dodged            |    47 |    87 |   117 |   347 |   600 |   412 ||  1610

Table legend: (Time is in decaauts)
 A = Elapsed time spent in this place.
 B = Non-inter-level travel time spent in this place.
 C = Inter-level travel time spent in this place.
 D = Time resting spent in this place.
 E = Time spent auto-exploring this place.
 F = Levels seen in this place.
 G = Mean time per level.
                   A        B        C        D        E       F      G
               +--------+--------+--------+--------+--------+-----+--------+
         Total |  38708 |  37080 |   1628 |  10807 |  19594 |  28 | 1382.4 |
       Dungeon |  23150 |  22321 |    829 |   7006 |  11753 |  15 | 1543.3 |
          Lair |   8485 |   8076 |    409 |   2426 |   4253 |   6 | 1414.2 |
  Orcish Mines |   3401 |   3104 |    297 |   1136 |   1407 |   2 | 1700.5 |
   Elven Halls |   3241 |   3149 |     92 |    115 |   2180 |   3 | 1080.3 |
         Abyss |    430 |    430 |      0 |    123 |      0 |   2 |  215.0 |
               +--------+--------+--------+--------+--------+-----+--------+

Top non-repeatable levels by time:
    D:13: 3406 daAuts
  Lair:1: 2767 daAuts
     D:8: 2537 daAuts
     D:9: 2414 daAuts
   Orc:1: 2152 daAuts
    D:10: 1731 daAuts
    D:11: 1648 daAuts
     D:4: 1631 daAuts
  Lair:3: 1566 daAuts
     D:2: 1481 daAuts
     D:6: 1355 daAuts
     D:5: 1348 daAuts
     D:7: 1302 daAuts
   Elf:2: 1253 daAuts
   Orc:2: 1248 daAuts
